 Dungeon Crawl Stone Soup version 0.25-a0-842-g81a31cfd23 (webtiles) character file.

Game seed: 12179332742115238378, levelgen mode: deterministic

601009 Napalmbreeze the Slayer (level 26, -3/342 HPs)
             Began as a Minotaur Fighter on Apr 25, 2020.
             Was the Champion of Okawaru.
             Splashed by an acid blob's acid (7 damage)
             ... created by the Royal Jelly
             ... on level 4 of the Pits of Slime.
             The game lasted 02:24:19 (57942 turns).

Napalmbreeze the Slayer (Minotaur Fighter)         Turns: 57942, Time: 02:24:20

Health: -3/342     AC: 21    Str: 30    XL:     26   Next: 48%
Magic:  0/32       EV: 18    Int:  5    God:    Okawaru [******]
Gold:   4717       SH: 28    Dex: 11    Spells: 25/25 levels left

rFire    + + .     SeeInvis .   X - +9 broad axe (elec)
rCold    + + .     Gourm    .   g - +1 tower shield {reflect}
rNeg     . . .     Faith    .   o - +8 gold dragon scales
rPois    +         Spirit   +   j - +0 hat "Ucvefo" {rPois Slay+3}
rElec    .         Reflect  +   x - scarf {rC+ rF+}
rCorr    +         Harm     .   L - +0 pair of gloves "Raahil" {rCorr Slay+3}
MR       ++...     Rnd*Rage +   k - +2 pair of boots {run}
Stlth    ..........             y - amulet of guardian spirit
HPRegen  0.67/turn              H - ring of resist corrosion
MPRegen  0.23/turn              i - ring of protection from magic

@: mighty, berserking (expiring), heroism, corroded, very quick
A: retaliatory headbutt, horns 2, berserk 1, frail 1, low mp 1, weak 1
}: 3/15 runes: serpentine, barnacled, silver
a: Heroism, Finesse, Renounce Religion


You were on level 4 of the Pits of Slime.
You worshipped Okawaru.
Okawaru was exalted by your worship.
You were not hungry.

You visited 9 branches of the dungeon, and saw 49 of its levels.
You visited the Abyss 1 time.
You also visited: Ossuary, Gauntlet and Ice Cave.

You collected 6880 gold pieces.
You spent 2163 gold pieces at shops.

Inventory:

Hand Weapons
 n - a +9 broad axe of flaming
 r - the +10 morningstar "Eos" {elec, Halo rElec}
   (You found it on level 4 of the Depths)

   Occasionally, upon striking a foe, it will discharge some electrical energy
   and cause terrible harm.
   It insulates you from electricity.
 X - a +9 broad axe of electrocution (weapon)
Armour
 g - a +1 tower shield of reflection (worn)
 j - the +0 hat "Ucvefo" (worn) {rPois Slay+3}
   (You acquired it on level 14 of the Dungeon)

   It affects your accuracy and damage with ranged weapons and melee attacks
   (+3).
   It protects you from poison.
 k - a +2 pair of boots of running (worn)
 o - +8 gold dragon scales (worn)
 x - a scarf of resistance (worn)
 L - the +0 pair of gloves "Raahil" (worn) {rCorr Slay+3}
   (You bought it in a shop on level 3 of the Shoals)

   It affects your accuracy and damage with ranged weapons and melee attacks
   (+3).
   It provides partial protection from all sources of acid and corrosion.
 S - a +1 pair of boots of flying
Jewellery
 i - a ring of protection from magic (right hand)
 y - an amulet of guardian spirit (around neck)
 z - an uncursed ring of ice
 H - a ring of resist corrosion (left hand)
 K - an uncursed ring of positive energy
 N - the ring "Tuejeol" {+Fly Dex+4 Slay+2 Stlth+}
   (You found it in a Gauntlet)

   [ring of flight]

   It affects your dexterity (+4).
   It affects your accuracy and damage with ranged weapons and melee attacks
   (+2).
   It lets you fly.
   It makes you more stealthy.
 V - an uncursed ring of see invisible
Wands
 b - a wand of iceblast (57)
 s - a wand of clouds (2)
 E - a wand of scattershot (22)
 I - a wand of digging (19)
 P - a wand of disintegration (36)
 T - a wand of acid (50)
Scrolls
 e - 25 scrolls of teleportation
 m - 11 scrolls of remove curse
 v - a scroll of silence
 C - 5 scrolls of magic mapping
 D - 10 scrolls of fog
 F - 6 scrolls of fear
 M - 6 scrolls of blinking
 R - a scroll of summoning
 Y - 18 scrolls of identify
Potions
 c - 3 potions of invisibility
 d - 12 potions of might
 l - 5 potions of cancellation
 t - 11 potions of flight
 w - 25 potions of curing
 A - 8 potions of heal wounds
 B - 9 potions of lignification
 G - 2 potions of resistance
 Q - 8 potions of haste
Miscellaneous
 U - 3 phantom mirrors
Comestibles
 f - 59 rations


   Skills:
 - Level 24.0(27) Fighting
 - Level 23.0(27) Axes
 - Level 23.0(27) Armour
 + Level 19.9(24.9) Dodging
 - Level 20.0(25.0) Shields
 - Level 8.0 Invocations
 + Level 19.4 Evocations


You had 25 spell levels left.
You didn't know any spells.
Your spell library contained the following spells:

 Spells                   Type           Power        Failure   Level  Hunger
 Animate Skeleton         Necr           N/A          95%         1    ##.....
 Apportation              Tloc           #.....       95%         1    ##.....
 Corona                   Hex            #......      95%         1    ##.....
 Foxfire                  Conj/Fire      #...         95%         1    ##.....
 Infusion                 Chrm           #...         95%         1    ##.....
 Magic Dart               Conj           #...         95%         1    ##.....
 Pain                     Necr           #...         95%         1    ##.....
 Sting                    Tmut/Pois      #...         95%         1    ##.....
 Summon Butterflies       Summ           #.......     95%         1    ##.....
 Summon Small Mammal      Summ           #...         95%         1    ##.....
 Blink                    Tloc           N/A          99%         2    ###....
 Call Imp                 Summ           #.......     99%         2    ###....
 Ensorcelled Hibernation  Hex/Ice        #.....       99%         2    ###....
 Searing Ray              Conj           #.....       99%         2    ###....
 Shroud of Golubria       Chrm/Tloc      #.....       99%         2    ###....
 Slow                     Hex            #.......     99%         2    ###....
 Song of Slaying          Chrm           #.......     99%         2    ###....
 Sticks to Snakes         Tmut           #.......     99%         2    ###....
 Call Canine Familiar     Summ           #.......     100%        3    ####...
 Confusing Touch          Hex            #.......     100%        3    ####...
 Conjure Flame            Conj/Fire      #.......     100%        3    ####...
 Dazzling Flash           Conj/Hex       #.....       100%        3    ####...
 Gell's Gravitas          Tloc           #.........   100%        3    ####...
 Ignite Poison            Fire/Tmut/Pois #.......     100%        3    ####...
 Inner Flame              Hex/Fire       #.......     100%        3    ####...
 Lesser Beckoning         Tloc           #.........   100%        3    ####...
 Mephitic Cloud           Conj/Pois/Air  #.......     100%        3    ####...
 Ozocubu's Armour         Chrm/Ice       #.......     100%        3    ####...
 Portal Projectile        Hex/Tloc       #.....       100%        3    ####...
 Recall                   Summ/Tloc      N/A          100%        3    ####...
 Spectral Weapon          Hex/Chrm       #.......     100%        3    ####...
 Summon Guardian Golem    Hex/Summ       #.......     100%        3    ####...
 Tukima's Dance           Hex            #.......     100%        3    ####...
 Vampiric Draining        Necr           #.........   100%        3    ####...
 Animate Dead             Necr           N/A          100%        4    #####..
 Cause Fear               Hex            #.........   100%        4    #####..
 Fulminant Prism          Conj/Hex       #.........   100%        4    #####..
 Iskenderun's Mystic Bla  Conj/Tloc      #.......     100%        4    #####..
 Leda's Liquefaction      Hex/Erth       #.........   100%        4    #####..
 Summon Ice Beast         Ice/Summ       #.......     100%        4    #####..
 Summon Lightning Spire   Summ/Air       #.......     100%        4    #####..
 Agony                    Necr           #.......     100%        5    ######.
 Alistair's Intoxication  Tmut/Pois      #.......     100%        5    ######.
 Blade Hands              Tmut           #.........   100%        5    ######.
 Lightning Bolt           Conj/Air       #.........   100%        5    ######.
 Silence                  Hex/Air        #.........   100%        5    ######.
 Summon Forest            Summ/Tloc      #.........   100%        5    ######.
 Summon Mana Viper        Hex/Summ       #.......     100%        5    ######.
 Yara's Violent Unravell  Hex/Tmut       #.........   100%        5    ######.
 Conjure Ball Lightning   Conj/Air       #.........   100%        6    #######
 Darkness                 Hex            #.........   100%        6    #######
 Eringya's Noxious Bog    Tmut/Pois      #.........   100%        6    #######
 Freezing Cloud           Conj/Ice/Air   #.........   100%        6    #######
 Invisibility             Hex            #.......     100%        6    #######
 Starburst                Conj/Fire      #.........   100%        6    #######
 Malign Gateway           Summ/Tloc      #.........   100%        7    #######
 Monstrous Menagerie      Summ           #.........   100%        7    #######
 Ring of Flames           Chrm/Fire      #.........   100%        7    #######
 Spellforged Servitor     Conj/Summ      #.........   100%        7    #######
 Summon Greater Demon     Summ           #.........   100%        7    #######
 Summon Hydra             Summ           #.........   100%        7    #######
 Controlled Blink         Tloc           N/A          100%        8    #######
 Discord                  Hex            #.........   100%        8    #######
 Ignition                 Fire           #.........   100%        8    #######
 Summon Horrible Things   Summ           #.........   100%        8    #######
 Tornado                  Air            #.........   100%        9    #######


Dungeon Overview and Level Annotations

Branches:
Dungeon (15/15)            Temple (0/1) D:5            Lair (6/6) D:11
 Shoals (4/4) Lair:3        Snake (4/4) Lair:4        Slime (5/5) Lair:6
    Orc (2/2) D:11            Elf (3/3) Orc:2        Vaults (5/5) D:13
  Crypt (0/3) Vaults:3     Depths (5/5) D:15            Zot (0/5) Depths:5
Ossuary (visited)           IceCv (visited)         Gauntlet (visited)

Altars:
Ashenzari
Cheibriados
Gozag
Hepliaklqana
Makhleb
Okawaru
Uskayaw
Xom
Yredelemnul
Zin
The Shining One

Shops:
D:4 ?   D:9 %   D:11 :   Orc:1 (   Orc:2 *(!}   Elf:1 }   Elf:2 :   Shoals:3 [
Snake:4 *[   Vaults:2 (   Vaults:4 [   Vaults:5 (*!?!

Portals:
Hell: Depths:1 Depths:2 Depths:3 Depths:4 Depths:5
Abyss: Depths:4
Pandemonium: Orc:2 Depths:2 Depths:3
Ziggurat: Depths:1
Trove: D:13 (give 7 scrolls of blinking)

Annotations:
Lair:2 exclusion: 2 oklob plants
Depths:5 3 runed translucent doors, Nisetemo's ghost, master KoEn


Innate Abilities, Weirdness & Mutations

You reflexively headbutt those who attack you in melee.
You have a pair of horns on your head.
You tend to lose your temper in combat.
You are frail. (-10% HP)
Your magical capacity is low. (-10% MP)
You are weak. (Str -2)


Message History

You slash the acid blob!
Your hands burn!
* * * LOW HITPOINT WARNING * * *
Your headbutt misses the acid blob.
The acid blob is heavily wounded.
You slice the acid blob!!
You kill the acid blob!
Okawaru accepts your kill.
Unknown command.
Unknown command.
Unknown command.
You slice the acid blob!!
Lightning courses through the acid blob!
Your hands burn!
* * * LOW HITPOINT WARNING * * *
The acid blob is almost dead.
The acid blob spits acid at you. The splash of acid hits you! You resist.
* * * LOW HITPOINT WARNING * * *
You are splashed with acid!
You resist.
You die...

## ########
#.#####...#..
...#.#......
........... .
.......... ...
.........##....
......JJ...#...
#......@.......
...JG..........
...............
....J..........
...............
.#.........#...
...........##.#
.......#..#. ##


You could see 2 acid blobs, 2 azure jellies and a floating eye.

Vanquished Creatures
  the Royal Jelly (Slime:5)
  A juggernaut (Depths:5)
  Saint Roka (Depths:5)
  The ghost of Ecihucs the Metallomancer, an adept GrEE of Vehumet (Vaults:2)
  3 caustic shrikes (Depths:5)
  6 golden dragons
  Jory (Depths:4)
  The ghost of lis82 the Eclecticist, a veteran GrVM of Okawaru (Vaults:4)
  A bone dragon (Depths:4)
  5 liches
  Jorgrun (D:14)
  2 tentacled monstrosities (Depths:4)
  Rupert (Lair:4)
  4 titans (Vaults:5)
  3 quicksilver dragons (Vaults:5)
  A deep elf blademaster (Elf:3)
  A deep elf master archer (Elf:3)
  25 acid blobs
  Asterion (Vaults:1)
  An eldritch tentacle (Elf:2)
  7 sphinxes
  Frances (Shoals:1)
  Agnes (D:15)
  3 storm dragons
  An Executioner (Depths:2)
  4 shadow dragons
  6 tengu reavers
  Roxanne (Shoals:2)
  19 nagarajas
  Ilsuiw (Shoals:2)
  11 fire giants
  4 azure jellies (Slime:5)
  2 iron dragons
  8 frost giants
  6 deep elf sorcerers
  A balrug (Gauntlet)
  14 vault wardens
  3 juggernaut zombies (Depths:4)
  Aizul (Vaults:3)
  A draconian shifter (Depths:5)
  A cacodemon (Depths:2)
  5 deep elf elementalists
  2 juggernaut skeletons (Depths:4)
  3 war gargoyles
  2 caustic shrike skeletons (Depths:4)
  25 stone giants
  17 ironheart preservers
  12 very ugly things
  10 deep elf demonologists
  A minotaur (Gauntlet)
  A yellow draconian (Depths:4)
  2 white draconians (Depths:5)
  Azrael (Orc:2)
  3 green draconians (Depths:5)
  2 red draconians
  A lorocyproca (Abyss:3)
  3 spark wasps (Depths:2)
  9 deep elf annihilators
  2 blizzard demons (Depths:2)
  8 deep elf death magi
  2 merfolk javelineers
  2 eidola
  18 merfolk impalers
  10 death oozes (Slime:5)
  14 ettins
  A spectral quicksilver dragon (Vaults:2)
  13 fire dragons
  A spectral golden dragon (Vaults:2)
  4 jiangshi
  Josephine (Snake:1)
  9 deep elf high priests
  28 vault guards
  17 yaktaur captains
  22 ogre magi
  17 great orbs of eyes
  15 ice dragons
  7 rakshasas
  19 naga warriors
  Harold (D:8)
  2 catoblepae
  An alligator snapping turtle (Shoals:1)
  8 hydras
  5 merfolk aquamancers
  A spectral shadow dragon (Vaults:2)
  A spectral stone giant (Vaults:2)
  2 satyrs
  6 anacondas
  A death knight (Vaults:1)
  3 merfolk avatars
  7 centaur warriors
  A titan zombie (Depths:4)
  82 two-headed ogres
  7 deep troll shamans
  40 dancing weapons
  A death yak (shapeshifter) (Vaults:5)
  A death yak (IceCv)
  2 spriggan berserkers
  3 tengu warriors
  3 vampire magi
  A queen ant (D:11)
  5 deep troll earth magi
  19 naga sharpshooters
  A thrashing horror (Abyss:3)
  3 orc high priests
  Sonja (Lair:2)
  11 shock serpents
  23 deep elf knights
  3 shadow wraiths (Vaults:4)
  The ghost of tmanko2 the Fighter, a novice GrFi of Hepliaklqana (D:9)
  A soul eater (Orc:2)
  5 iron trolls
  A wretched star (Abyss:3)
  26 hell knights
  The ghost of hexxy the Thaumaturge, a novice DEFE of Vehumet (D:9)
  6 skeletal warriors
  A glowing orange brain (shapeshifter) (Depths:5)
  A salamander mystic (Snake:3)
  30 deep trolls
  13 sea snakes
  A torturous demonspawn (Orc:2)
  3 wizards
  8 naga ritualists
  A gelid demonspawn (Depths:2)
  7 glowing orange brains
  3 unseen horrors
  3 infernal demonspawn (Orc:2)
  A golden dragon zombie (Depths:2)
  An obsidian statue (Snake:4)
  A storm dragon skeleton (Depths:4)
  7 phantasmal warriors
  2 flayed ghosts
  A shadow dragon zombie (Depths:4)
  3 tengu zombies (Depths:4)
  An orange crystal statue (Depths:1)
  Pikel (D:8)
  15 harpies
  17 orc knights
  12 deep elf archers
  9 necromancers
  12 orc sorcerers
  18 ironbrand convokers
  A sphinx zombie (Depths:4)
  3 iron dragon zombies
  14 mana vipers
  6 cyclopes
  A cyclops (shapeshifter) (Depths:4)
  4 oklob plants (Lair:6)
  3 wolf spiders
  72 deep elf magi
  41 ugly things
  8 manticores
  2 tengu skeletons (Depths:4)
  2 frost giant zombies
  A shining eye (Slime:5)
  11 salamanders
  13 fauns
  8 guardian serpents
  6 centaur zombies
  A sphinx skeleton (Depths:4)
  37 black mambas
  11 vault sentinels
  An apocalypse crab (Abyss:3)
  A worldbinder (Abyss:3)
  A rust devil (Orc:2)
  A fire giant skeleton (Vaults:5)
  4 water nymphs
  14 elephants
  14 merfolk sirens
  A torpor snail (Lair:4)
  14 naga magi
  Joseph (D:8)
  A storm dragon simulacrum (Vaults:2)
  2 human zombies (Vaults:5)
  3 gargoyles
  3 eyes of devastation
  6 smoke demons
  Maggie (Lair:1)
  13 spiny frogs
  4 orange demons
  4 kobold demonologists (Depths:2)
  5 rime drakes
  An efreet (Abyss:3)
  An elf skeleton (Depths:4)
  A yaktaur zombie (Vaults:5)
  8 freezing wraiths
  6 hellwings
  44 yaktaurs
  A yaktaur (shapeshifter) (Vaults:2)
  12 komodo dragons
  An ancient zyme (Abyss:3)
  A guardian mummy (D:15)
  30 merfolk
  2 yaktaur skeletons
  3 meliai (D:14)
  5 tengu conjurers
  3 trolls
  2 meliai (shapeshifter)
  A queen bee (Lair:2)
  21 polar bears
  A jumping spider (shapeshifter) (Vaults:3)
  2 blink frogs (shapeshifter)
  4 hornets
  8 wind drakes
  A spectral elf (Vaults:2)
  42 slime creatures
  An elf zombie (Depths:4)
  A hornet (shapeshifter) (Vaults:2)
  16 blink frogs
  2 raiju
  13 snapping turtles
  3 spriggan zombies
  A stone giant simulacrum (Vaults:5)
  10 hippogriffs
  A fire giant simulacrum (Vaults:2)
  2 dream sheep (Lair:4)
  A frost giant simulacrum (Depths:4)
  2 flying skulls (Vaults:5)
  5 air elementals
  14 starcursed masses
  3 shadows (D:11)
  A spriggan skeleton (Depths:2)
  A spriggan (Lair:4)
  5 fire elementals
  5 wyverns
  An ettin skeleton (Vaults:5)
  A ynoxinul (Abyss:4)
  2 basilisks
  5 wraiths
  A yak (shapeshifter) (Vaults:4)
  A human (shapeshifter) (Depths:3)
  2 humans
  The ghost of droidenko the Chopper, an amateur HOFi (D:3)
  A golden eye (shapeshifter) (Vaults:5)
  16 water elementals
  62 yaks
  4 hogs
  3 hungry ghosts
  A neqoxec (Orc:2)
  6 golden eyes
  3 chaos spawn
  3 steam dragons
  3 elf simulacra
  4 human simulacra
  2 spatial vortices (Elf:2)
  65 nagas
  3 two-headed ogre zombies (D:11)
  5 insubstantial wisps (Elf:2)
  6 wargs
  A floating eye (shapeshifter) (Vaults:5)
  A floating eye (Depths:3)
  17 water moccasins
  4 hell hounds
  8 large abominations
  6 porcupines
  5 soldier ants (D:11)
  43 orc warriors
  6 ice beasts
  2 phantoms (D:11)
  6 sky beasts
  50 ogres
  17 boggarts
  3 eyes of draining
  A necrophage (D:12)
  22 wolves
  A wolf (shapeshifter) (Depths:4)
  9 centaurs
  18 crocodiles
  The ghost of Conn the Conjurer, an amateur OpCj (D:3)
  The ghost of omer1ben the Firebug, an amateur OpFE (D:3)
  9 small abominations
  2 big kobolds
  Blork the orc (D:5)
  2 earth elementals
  The ghost of fly the Charlatan, an amateur SpAr (D:3)
  12 bullfrogs
  A gnoll sergeant (D:8)
  A glowing shapeshifter simulacrum (Vaults:3)
  A wyvern skeleton (D:11)
  6 scorpions
  35 killer bees
  2 troll zombies (D:11)
  A howler monkey (D:7)
  A vampire bat (Elf:2)
  10 wights
  The ghost of omer1ben the Firebug, a weakling DrFE (D:3)
  An electric eel (Lair:3)
  7 crimson imps
  A bullfrog zombie (D:10)
  22 orc priests
  A bullfrog skeleton (D:10)
  5 centaur skeletons
  5 hounds
  4 jellies
  19 orc wizards
  An iron imp (Depths:2)
  2 hell rats (Lair:6)
  32 worker ants
  4 lightning spires (Elf:2)
  A killer bee zombie (D:7)
  3 ogre zombies (D:11)
  2 hound skeletons (D:4)
  12 mummies (Ossuary)
  A worker ant zombie (D:9)
  4 gnolls
  20 adders
  7 river rats (Lair:6)
  7 shadow imps
  13 white imps
  An adder zombie (D:6)
  An ooze (D:2)
  2 worms
  2 dart slugs (D:1)
  8 leopard geckos
  81 orcs
  5 bats
  5 giant cockroaches
  12 goblins
  4 hobgoblins
  12 jackals
  11 kobolds
  5 quokkas
  6 frilled lizards
  3 gnoll skeletons (Ossuary)
  A goblin skeleton (D:11)
  3 goblin zombies (D:11)
  3 hobgoblin skeletons (D:11)
  2 hobgoblin zombies (D:11)
  2 jackal skeletons
  2 kobold skeletons (Ossuary)
  A leopard gecko skeleton (D:7)
  5 orc skeletons
  14 orc zombies (D:11)
  A quokka skeleton (D:6)
  8 rats
  11 rat skeletons (Ossuary)
  2 bushes (Lair:4)
  2 crawling corpses (Elf:3)
  25 plants
  2 withered plants (D:15)
2476 creatures vanquished.

Vanquished Creatures (others)
  A titan (Vaults:5)
  A deep elf master archer (Elf:3)
  2 vault guards (Vaults:5)
  2 yaktaur captains (Vaults:1)
  An ice dragon (Vaults:3)
  4 satyrs
  An ogre mage (Depths:4)
  A naga sharpshooter (Snake:4)
  A deep elf knight (Elf:1)
  2 deep elf archers
  A cyclops (Vaults:2)
  A vault sentinel (Vaults:3)
  A water nymph (Shoals:4)
  8 yaktaurs
  A merfolk (Lair:3)
  A naga (Snake:2)
  4 orc warriors
  A slave (D:8)
  2 boggarts (Depths:3)
  2 centaurs
  3 gnolls (D:8)
  2 ball lightnings (Elf:2)
  2 orcs
  11 fungi
  20 plants
76 creatures vanquished.

Grand Total: 2552 creatures vanquished

Notes
Turn   | Place    | Note
-------+----------+-------------------------------------------
     0 | D:1      | Napalmbreeze the Minotaur Fighter began the quest for the
                  | Orb.
     0 | D:1      | Reached XP level 1. HP: 19/19 MP: 0/0
   215 | D:1      | Reached XP level 2. HP: 26/27 MP: 1/1
   402 | D:1      | Reached skill level 4 in Fighting
   515 | D:1      | Reached XP level 3. HP: 31/33 MP: 2/2
  1199 | D:2      | Reached XP level 4. HP: 41/41 MP: 3/3
  1422 | D:3      | Found a runed translucent gate.
  1423 | D:3      | Found a runed translucent gate.
  1483 | D:3      | Found a runed translucent gate.
  1483 | D:3      | Noticed omer1ben's ghost (weakling DrFE)
  1483 | D:3      | Noticed omer1ben's ghost (amateur OpFE)
  1483 | D:3      | Noticed Conn's ghost (amateur OpCj)
  1483 | D:3      | Noticed droidenko's ghost (amateur HOFi)
  1483 | D:3      | Noticed fly's ghost (amateur SpAr)
  1693 | D:3      | Reached XP level 5. HP: 41/47 MP: 4/4
  2030 | D:3      | Found an iron altar of Okawaru.
  2164 | D:3      | Became a worshipper of Warmaster Okawaru
  2430 | D:4      | Found a glowing golden altar of the Shining One.
  2493 | D:4      | Reached skill level 5 in Fighting
  2493 | D:4      | Reached skill level 5 in Shields
  2566 | D:4      | Reached skill level 5 in Armour
  2568 | D:4      | Found Buronn's Magic Scroll Shoppe.
  2584 | D:4      | Bought a scroll of identify for 26 gold pieces
  2584 | D:4      | Bought a scroll of remove curse for 39 gold pieces
  2866 | D:4      | Found a hazy altar of Hepliaklqana.
  2883 | D:5      | Entered Level 5 of the Dungeon
  2910 | D:5      | Found a staircase to the Ecumenical Temple.
  2931 | D:5      | Reached XP level 6. HP: 56/56 MP: 3/5
  3241 | D:6      | Noticed Blork the orc
  3263 | D:5      | Killed Blork the orc
  3352 | D:6      | Reached * piety under Okawaru
  3357 | D:6      | Reached skill level 5 in Axes
  3370 | D:6      | Reached XP level 7. HP: 52/62 MP: 3/6
  3389 | D:6      | Reached skill level 6 in Fighting
  3473 | D:6      | Noticed a red ugly thing
  3485 | D:6      | Killed a red ugly thing
  3485 | D:6      | Reached ** piety under Okawaru
  3485 | D:6      | Reached skill level 7 in Fighting
  3485 | D:6      | Reached XP level 8. HP: 58/73 MP: 4/7
  3736 | D:6      | Reached *** piety under Okawaru
  3934 | D:6      | Reached XP level 9. HP: 23/81 MP: 8/8
  4130 | D:6      | Reached skill level 8 in Fighting
  4469 | D:7      | Identified a scroll of acquirement
  4482 | D:7      | Found a shattered altar of Ashenzari.
  4576 | D:7      | Reached skill level 9 in Fighting
  4622 | D:7      | Reached **** piety under Okawaru
  4795 | D:7      | Found a sand-covered staircase.
  4804 | Ossuary  | Entered an ossuary
  4848 | Ossuary  | Received a gift from Okawaru
  5199 | D:7      | Found a glowing silver altar of Zin.
  5199 | D:7      | Found a hide-covered altar of Uskayaw.
  5203 | D:7      | Reached skill level 10 in Fighting
  5205 | D:7      | Found an opulent altar of Gozag.
  5209 | D:7      | Found a snail-covered altar of Cheibriados.
  5209 | D:7      | Found a shimmering altar of Xom.
  5554 | D:8      | Noticed Harold
  5568 | D:8      | Killed Harold
  5568 | D:8      | Reached skill level 11 in Fighting
  5697 | D:8      | Reached XP level 10. HP: 96/96 MP: 9/9
  5711 | D:8      | Noticed Pikel
  5716 | D:8      | Killed Pikel
  5716 | D:8      | Reached ***** piety under Okawaru
  6359 | D:8      | Noticed Joseph
  6367 | D:8      | Killed Joseph
  6367 | D:8      | Reached skill level 12 in Fighting
  6367 | D:8      | Reached skill level 10 in Axes
  6948 | D:9      | Found a runed translucent gate.
  6949 | D:9      | Found a runed translucent gate.
  6950 | D:9      | Found a runed translucent gate.
  6951 | D:9      | Noticed tmanko2's ghost (novice GrFi)
  6951 | D:9      | Noticed hexxy's ghost (novice DEFE)
  6972 | D:9      | Found a shattered altar of Ashenzari.
  7029 | D:9      | Found Abikiumaha's Food Shop.
  7073 | D:9      | Received a gift from Okawaru
  7094 | D:9      | Got an ancient battleaxe {god gift}
  7101 | D:9      | Identified the +0 battleaxe "Sabolimm" {freeze, rF+ Str+3
                  | Int+4} (Okawaru gifted it to you on level 9 of the Dungeon)
  7252 | D:3      | Killed omer1ben's ghost
  7252 | D:3      | Killed fly's ghost
  7254 | D:3      | Killed omer1ben's ghost
  7256 | D:3      | Killed Conn's ghost
  7258 | D:3      | Killed droidenko's ghost
  7366 | D:10     | Entered Level 10 of the Dungeon
  7560 | D:10     | Reached XP level 11. HP: 105/105 MP: 10/10
  7699 | D:10     | Got a jewelled chain mail
  7712 | D:10     | Identified the +2 chain mail "Huthrel" {*Drain rElec Dex+4}
                  | (You found it on level 10 of the Dungeon)
  8189 | D:11     | Noticed a cyan ugly thing
  8195 | D:11     | Killed a cyan ugly thing
  8207 | D:11     | Reached skill level 13 in Fighting
  8263 | D:11     | Received a gift from Okawaru
  8302 | D:11     | Found a basalt altar of Yredelemnul.
  8343 | D:11     | Reached ****** piety under Okawaru
  8499 | D:11     | Found a staircase to the Orcish Mines.
  8531 | D:11     | Reached skill level 14 in Fighting
  8545 | D:11     | Found a staircase to the Lair.
  8849 | D:11     | Noticed a brown ugly thing
  8861 | D:11     | Killed a brown ugly thing
  8861 | D:11     | Reached skill level 10 in Armour
  8861 | D:11     | Reached skill level 10 in Shields
  9278 | D:11     | Found Udooliz's Book Shoppe.
  9456 | D:11     | Noticed a queen ant
  9459 | D:11     | Reached skill level 15 in Fighting
  9464 | D:11     | Reached XP level 12. HP: 102/119 MP: 8/11
  9466 | D:11     | Killed a queen ant
  9940 | Lair:1   | Entered Level 1 of the Lair of Beasts
 10215 | Lair:1   | Noticed Maggie
 10274 | Lair:1   | Killed Maggie
 10825 | Lair:2   | Received a gift from Okawaru
 10842 | Lair:2   | Got a slimy demon blade {god gift}
 10851 | Lair:2   | Identified the +8 demon blade of Doashruwn {freeze, +Rage
                  | rF+ Int-2 Dex+7} (Okawaru gifted it to you on level 2 of
                  | the Lair of Beasts)
 10973 | Lair:2   | Noticed Sonja
 10975 | Lair:2   | Killed Sonja
 10975 | Lair:2   | Reached skill level 16 in Fighting
 11089 | Lair:2   | Noticed an eight-headed hydra
 11099 | Lair:2   | Killed a four-headed hydra
 11948 | Lair:2   | Reached XP level 13. HP: 36/130 MP: 12/12
 12755 | Lair:3   | Reached skill level 17 in Fighting
 12856 | Lair:3   | Received a gift from Okawaru
 12938 | Lair:3   | Got a pair of heavily runed boots {god gift}
 12944 | Lair:3   | Identified the +0 pair of boots of Okawaru's Pride {rF-
                  | Dex+5} (Okawaru gifted it to you on level 3 of the Lair of
                  | Beasts)
 13121 | Lair:3   | Found a gate leading to a gauntlet.
 13130 | Gauntlet | Entered a Gauntlet
 13130 | Gauntlet | Found a transporter.
 13130 | Gauntlet | Found a transporter.
 13134 | Gauntlet | Found a transporter.
 13134 | Gauntlet | Found a transporter.
 13136 | Gauntlet | Found a large runed translucent door.
 13137 | Gauntlet | Found a large runed translucent door.
 13138 | Gauntlet | Found a large runed translucent door.
 13138 | Gauntlet | Found a large runed translucent door.
 13138 | Gauntlet | Found a runed translucent door.
 13138 | Gauntlet | Found a runed translucent door.
 13139 | Gauntlet | Found a large runed translucent door.
 13139 | Gauntlet | Found a large runed translucent door.
 13139 | Gauntlet | Found a large runed translucent door.
 13139 | Gauntlet | Found a large runed translucent door.
 13140 | Gauntlet | Found a large runed translucent door.
 13141 | Gauntlet | Found a transporter.
 13141 | Gauntlet | Found a large runed translucent door.
 13143 | Gauntlet | Found a large runed translucent door.
 13143 | Gauntlet | Found a large runed translucent door.
 13144 | Gauntlet | Found a large runed translucent door.
 13144 | Gauntlet | Found a large runed translucent door.
 13144 | Gauntlet | Found a large runed translucent door.
 13146 | Gauntlet | Found a runed translucent gate.
 13146 | Gauntlet | Found a runed translucent gate.
 13146 | Gauntlet | Found a runed translucent gate.
 13148 | Gauntlet | Found a transporter.
 13157 | Gauntlet | Found a transporter.
 13159 | Gauntlet | Found a transporter.
 13159 | Gauntlet | Found a transporter.
 13159 | Gauntlet | Noticed a balrug
 13163 | Gauntlet | Found a transporter.
 13187 | Gauntlet | Found a large runed translucent door.
 13205 | Gauntlet | Found a transporter.
 13250 | Gauntlet | Found a transporter.
 13264 | Gauntlet | Found a transporter.
 13277 | Gauntlet | Found a transporter.
 13364 | Gauntlet | Found a transporter.
 13382 | Gauntlet | Found a transporter.
 13509 | Gauntlet | Identified a +2 pair of boots of running (You found it in a
                  | Gauntlet)
 13584 | Gauntlet | Got a pair of warped gloves
 13595 | Gauntlet | Identified the +2 pair of gloves of Divine Intervention
                  | {Str+3 Int+2} (You found it in a Gauntlet)
 13625 | Gauntlet | Killed a balrug
 13625 | Gauntlet | Reached skill level 15 in Axes
 13635 | Gauntlet | Got a slimy tin ring
 13641 | Gauntlet | Got a sparkling ivory ring
 13647 | Gauntlet | Identified the ring "Xewkus" {*Tele +Inv} (You found it in
                  | a Gauntlet)
 13649 | Gauntlet | Identified the ring "Tuejeol" {+Fly Dex+4 Slay+2 Stlth+}
                  | (You found it in a Gauntlet)
 13676 | Gauntlet | Identified the +6 long sword of Zung {flame, +Rage Int+3
                  | Dex+5}
 13676 | Gauntlet | Noticed a minotaur
 13682 | Gauntlet | Killed a minotaur
 13690 | Gauntlet | Found the +4 Cigotuvi's embrace {rRot *Drain rN+}
 14148 | Lair:3   | Found a staircase to the Shoals.
 14633 | Lair:4   | Noticed Rupert
 14643 | Lair:4   | Killed Rupert
 14643 | Lair:4   | Received a gift from Okawaru
 14643 | Lair:4   | Reached skill level 18 in Fighting
 15175 | Lair:4   | Found a staircase to the Snake Pit.
 15668 | Lair:5   | Received a gift from Okawaru
 15917 | Lair:5   | Reached XP level 14. HP: 135/143 MP: 13/13
 16202 | Lair:6   | Entered Level 6 of the Lair of Beasts
 16323 | Lair:6   | Reached skill level 1 in Invocations
 16338 | Lair:6   | Received a gift from Okawaru
 16805 | Lair:6   | Reached skill level 5 in Invocations
 16920 | Lair:6   | Found a staircase to the Slime Pits.
 17660 | D:9      | Killed hexxy's ghost
 17675 | D:9      | Killed tmanko2's ghost
 18303 | D:13     | Received a gift from Okawaru
 18595 | D:13     | Found a gate to the Vaults.
 18704 | D:13     | Reached XP level 15. HP: 150/150 MP: 19/19
 18940 | D:13     | Found a portal to a secret trove of treasure.
 19315 | D:14     | Noticed Jorgrun
 19320 | D:14     | Killed Jorgrun
 19320 | D:14     | Reached skill level 19 in Fighting
 19332 | D:14     | Identified the +0 hat "Ucvefo" {rPois Slay+3} (You acquired
                  | it on level 14 of the Dungeon)
 19332 | D:14     | Identified the +4 hand axe "Xeoc" {flame, rPois rC- rN+++
                  | Dex-2} (You acquired it on level 14 of the Dungeon)
 19440 | D:14     | You fall into a shaft and drop 1 floor!
 19440 | D:15     | Entered Level 15 of the Dungeon
 19458 | D:15     | Found a staircase to the Depths.
 20191 | D:15     | Received a gift from Okawaru
 20193 | D:15     | Paralysed by an ogre mage for 2 turns
 20203 | D:15     | Got a fine hat {god gift}
 20215 | D:15     | Identified the +1 hat "Meacukko" {Int+2 Dex+2} (Okawaru
                  | gifted it to you on level 15 of the Dungeon)
 20247 | D:15     | Noticed Agnes
 20259 | D:15     | Killed Agnes
 20360 | D:15     | Identified the +4 scale mail "Tecuocu" {*Drain Int+8 Dex+9}
 20448 | D:15     | Reached skill level 20 in Fighting
 20925 | Orc:1    | Entered Level 1 of the Orcish Mines
 20926 | Orc:1    | Found Nevyecun's Antique Weapon Shoppe.
 21108 | Orc:2    | Entered Level 2 of the Orcish Mines
 21108 | Orc:2    | Found a frozen archway.
 21115 | Orc:2    | Noticed Azrael
 21126 | Orc:2    | Killed Azrael
 21136 | IceCv    | Entered an ice cave
 21329 | IceCv    | Identified A Thorough Guide to the Arcane Arts
 21450 | IceCv    | Received a gift from Okawaru
 21498 | IceCv    | Reached XP level 16. HP: 161/162 MP: 21/21
 21510 | IceCv    | Reached skill level 15 in Armour
 21557 | IceCv    | Reached skill level 1 in Evocations
 22118 | Orc:2    | Found a staircase to the Elven Halls.
 22966 | Orc:2    | Found Wodusemutu's Distillery.
 22986 | Orc:2    | Found Suttuz's General Store.
 23315 | Orc:2    | Bought 2 potions of curing for 90 gold pieces
 23333 | Orc:2    | Reached skill level 5 in Evocations
 23848 | Orc:2    | Found Focikleg's Gadget Shoppe.
 23848 | Orc:2    | Found Nups's Antique Weapon Emporium.
 23848 | Orc:2    | Found a one-way gate leading to the halls of Pandemonium.
 23858 | Orc:2    | Bought a wand of iceblast (10) for 168 gold pieces
 23858 | Orc:2    | Bought a wand of acid (7) for 264 gold pieces
 23858 | Orc:2    | Bought a wand of acid (3) for 168 gold pieces
 23908 | Orc:2    | Bought a potion of heal wounds for 85 gold pieces
 23908 | Orc:2    | Bought a potion of heal wounds for 85 gold pieces
 23908 | Orc:2    | Bought a potion of mutation for 136 gold pieces
 24030 | Snake:1  | Entered Level 1 of the Snake Pit
 24259 | Snake:1  | Received a gift from Okawaru
 24781 | Snake:1  | Noticed Josephine
 24790 | Snake:1  | Killed Josephine
 25317 | Snake:2  | Reached skill level 21 in Fighting
 25587 | Snake:2  | Reached XP level 17. HP: 88/173 MP: 20/22
 26186 | Snake:2  | Received a gift from Okawaru
 26199 | Snake:2  | Identified the +2 helmet "Luesh" {rF- MR+ Str+8 Int+2} (You
                  | found it on level 2 of the Snake Pit)
 27010 | Snake:3  | Reached skill level 10 in Evocations
 28254 | Snake:3  | Reached skill level 22 in Fighting
 28464 | Snake:4  | Entered Level 4 of the Snake Pit
 28477 | Snake:4  | Found Nigginti's Antique Armour Boutique.
 28801 | Snake:4  | Bought a distressingly furry chain mail for 218 gold pieces
 28801 | Snake:4  | Identified the cursed +1 chain mail of the Untouchables
                  | {rPois rN++ rCorr Int-3} (You bought it in a shop on level
                  | 4 of the Snake Pit)
 29496 | Snake:4  | Received a gift from Okawaru
 29499 | Snake:4  | Found Ethruemo's Antique Weapon Boutique.
 29540 | Snake:4  | Got a heavily runed plate armour
 29542 | Snake:4  | Identified the +7 plate armour "Runuled" {*Corrode rElec
                  | rF+++ Str+3} (You found it on level 4 of the Snake Pit)
 29938 | Snake:4  | Reached XP level 18. HP: 141/184 MP: 24/24
 30165 | Snake:4  | Reached skill level 15 in Shields
 30383 | Snake:4  | Got a serpentine rune of Zot
 30481 | Snake:4  | Found Jajephet's Assorted Antiques.
 30487 | Snake:4  | Bought a glowing cloak for 270 gold pieces
 30517 | Snake:4  | Received a gift from Okawaru
 30525 | Snake:4  | Got a bloodstained hat {god gift}
 30526 | Snake:4  | Identified the +2 hat of Parlour Games {Dex+6} (Okawaru
                  | gifted it to you on level 4 of the Snake Pit)
 31261 | Shoals:1 | Entered Level 1 of the Shoals
 31403 | Shoals:1 | Noticed Frances
 31420 | Shoals:1 | Killed Frances
 32395 | Shoals:2 | Noticed Ilsuiw
 32420 | Shoals:2 | Killed Ilsuiw
 32924 | Shoals:2 | Noticed Roxanne
 32951 | Shoals:2 | Received a gift from Okawaru
 32995 | Shoals:2 | Killed Roxanne
 33491 | Shoals:3 | Found Biogun's Antique Armour Shoppe.
 33500 | Shoals:3 | Bought a pair of ancient gloves for 247 gold pieces
 33500 | Shoals:3 | Bought an agate-encrusted chain mail for 247 gold pieces
 33512 | Shoals:3 | Identified the cursed +0 pair of gloves "Raahil" {rCorr
                  | Slay+3} (You bought it in a shop on level 3 of the Shoals)
 33523 | Shoals:3 | Identified the +5 chain mail "Yplikk" {rElec rF+ Str+4
                  | Dex+4} (You bought it in a shop on level 3 of the Shoals)
 33906 | Shoals:3 | Reached XP level 19. HP: 191/191 MP: 25/25
 34263 | Shoals:4 | Entered Level 4 of the Shoals
 35147 | Shoals:4 | Identified the Papyrus of Curses
 35213 | Shoals:4 | Received a gift from Okawaru
 35302 | Shoals:4 | Got a barnacled rune of Zot
 35987 | Vaults:1 | Entered Level 1 of the Vaults
 36136 | Vaults:1 | Received a gift from Okawaru
 36722 | Vaults:1 | Noticed Asterion
 36729 | Vaults:1 | Killed Asterion
 36977 | Vaults:1 | Reached XP level 20. HP: 152/202 MP: 27/27
 37113 | Vaults:1 | Received a gift from Okawaru
 37924 | Vaults:2 | Reached skill level 23 in Fighting
 38316 | Vaults:2 | Found a runed translucent gate.
 38316 | Vaults:2 | Found a runed translucent gate.
 38316 | Vaults:2 | Found a runed translucent gate.
 38318 | Vaults:2 | Noticed Ecihucs's ghost (adept GrEE)
 38359 | Vaults:2 | Killed Ecihucs's ghost
 38630 | Vaults:2 | Received a gift from Okawaru
 38901 | Vaults:2 | Found Suokhi's Weapon Shop.
 39264 | Vaults:3 | Found a staircase to the Crypt.
 39393 | Vaults:3 | Received a gift from Okawaru
 39543 | Vaults:3 | Reached XP level 21. HP: 213/213 MP: 29/29
 39993 | Vaults:3 | Received a gift from Okawaru
 40039 | Vaults:3 | Noticed Aizul
 40047 | Vaults:3 | Killed Aizul
 40095 | Vaults:3 | Reached skill level 24 in Fighting
 41160 | Elf:1    | Entered Level 1 of the Elven Halls
 41302 | Elf:1    | Found Cakiq's Gadget Shoppe.
 41331 | Elf:1    | Received a gift from Okawaru
 41878 | Elf:2    | Identified the Incunabulum of Changing
 42025 | Elf:2    | Identified the Papyrus of Translocation
 42047 | Elf:2    | Found Washrodau's Book Emporium.
 42128 | Elf:2    | Received a gift from Okawaru
 42161 | Elf:2    | Identified Ucekh's Compendium of Malediction
 42274 | Elf:2    | Identified Sif Muna's Handbook of Air
 42318 | Elf:2    | Found a runed translucent gate.
 42318 | Elf:2    | Found a runed translucent gate.
 42320 | Elf:2    | Found a runed translucent gate.
 42546 | Elf:2    | Reached skill level 15 in Evocations
 42564 | Elf:2    | Reached XP level 22. HP: 222/222 MP: 32/32
 42817 | Elf:3    | Entered Level 3 of the Elven Halls
 44139 | Elf:3    | Received a gift from Okawaru
 44171 | Elf:3    | Identified the +8 flail of Destiny {venom, rElec rN++ MR-
                  | Str+2}
 45334 | Elf:3    | Identified the +0 rapier of the Hummingbird {elec, Int+6}
 45440 | Elf:3    | Identified the Almanac of the Arsonist
 45959 | Vaults:4 | Identified the +12 chain mail of Autumn {Dex+7} (You
                  | acquired it on level 4 of the Vaults)
 45986 | Vaults:4 | Reached skill level 1 in Dodging
 46064 | Vaults:4 | Received a gift from Okawaru
 46065 | Vaults:4 | Found Jisiul's Armour Boutique.
 46097 | Vaults:4 | Reached skill level 5 in Dodging
 46513 | Vaults:4 | Found a runed translucent door.
 46513 | Vaults:4 | Noticed lis82's ghost (veteran GrVM)
 47037 | Vaults:4 | Reached XP level 23. HP: 229/229 MP: 34/34
 47289 | Vaults:4 | Reached skill level 10 in Dodging
 47302 | Vaults:4 | Killed lis82's ghost
 47524 | Vaults:5 | Entered Level 5 of the Vaults
 47876 | Vaults:5 | Identified the +11 fustibalus of Rymo {flame, rN+ Str+3
                  | Int-2 Dex+2}
 47880 | Vaults:5 | Received a gift from Okawaru
 47966 | Vaults:5 | Reached skill level 15 in Dodging
 48067 | Vaults:5 | Identified the +1 ring mail of Ozysu {+Inv rElec rCorr
                  | Dex-2}
 48071 | Vaults:5 | Received a gift from Okawaru
 48474 | Vaults:5 | Identified the ring of Inneitut {Fire rN+ MR+ Dex+4}
 48522 | Vaults:5 | Got a silver rune of Zot
 48666 | Vaults:5 | Cast into level 3 of the Abyss (a deep elf sorcerer)
 48932 | Abyss:3  | Received a gift from Okawaru
 48960 | Abyss:3  | Paralysed by accursed screaming for 1 turns
 49101 | Vaults:5 | Escaped the Abyss
 49125 | Vaults:5 | Found Kuigaeqec's Distillery.
 49131 | Vaults:5 | Reached XP level 24. HP: 142/238 MP: 29/34
 49136 | Vaults:5 | Identified the +7 hand crossbow "Uble" {elec, *Corrode
                  | Dex+5}
 49153 | Vaults:5 | HP: 7/238 [vault guard/+0 bardiche (5)]
 49175 | Vaults:5 | HP: 10/238 [???[a deep elf demonologist] (3)]
 49848 | Lair:1   | Identified the amulet of the Firefly {rF+ rC++ Regen+
                  | Str-3} (You acquired it on level 1 of the Lair of Beasts)
 50263 | Vaults:5 | Found Miuwaolo's Weapon Boutique.
 50279 | Vaults:5 | Identified the amulet of Loydazuy {Inacc *Corrode +Blink
                  | Str+3} (You found it on level 5 of the Vaults)
 50349 | Vaults:5 | Received a gift from Okawaru
 50673 | Vaults:5 | Found Omerris's Distillery.
 50677 | Vaults:5 | Bought a potion of heal wounds for 75 gold pieces
 50677 | Vaults:5 | Bought a potion of curing for 45 gold pieces
 50754 | Vaults:5 | Found Oprump's Magic Scroll Boutique.
 50870 | Vaults:5 | Found Fuomoseane's General Store.
 51232 | Depths:1 | Entered Level 1 of the Depths
 51339 | Depths:1 | Received a gift from Okawaru
 51560 | Depths:1 | Found a gateway to a ziggurat.
 51643 | Depths:1 | Identified the +1 plate armour "Catzih" {-Tele rC++ Int+3}
                  | (You found it on level 1 of the Depths)
 51803 | Depths:1 | Found a gateway to Hell.
 52381 | Depths:2 | Received a gift from Okawaru
 52505 | Depths:2 | Received a gift from Okawaru
 52992 | Depths:2 | Found a runed translucent door.
 52998 | Depths:2 | Found a runed translucent door.
 53064 | Depths:2 | Found a burning altar of Makhleb.
 53073 | Depths:2 | Identified the Incunabulum of Congealing Slavery
 53342 | Depths:2 | Received a gift from Okawaru
 53358 | Depths:2 | Gained mutation: Your magical capacity is low. (-10% MP) [a
                  | cacodemon]
 54090 | Depths:3 | Reached XP level 25. HP: 218/245 MP: 28/30
 54602 | Depths:4 | Found the +10 morningstar "Eos" {elec, Halo rElec}
 54631 | Depths:4 | Found a runed translucent gate.
 54631 | Depths:4 | Found a runed translucent gate.
 54631 | Depths:4 | Found a runed translucent gate.
 54670 | Depths:4 | Found a runed translucent gate.
 54670 | Depths:4 | Found a runed translucent gate.
 54670 | Depths:4 | Found a runed translucent gate.
 54761 | Depths:4 | Received a gift from Okawaru
 54915 | Depths:4 | Found a one-way gate to the infinite horrors of the Abyss.
 55399 | Depths:4 | Found the +9 sword of Zonguldrok {reap}
 55693 | Depths:5 | Entered Level 5 of the Depths
 55705 | Depths:5 | Noticed Jory
 55709 | Depths:5 | Noticed Saint Roka
 55741 | Depths:4 | Killed Jory
 55999 | Depths:5 | Killed Saint Roka
 56053 | Depths:5 | Found a runed translucent gate.
 56053 | Depths:5 | Found a runed translucent gate.
 56053 | Depths:5 | Found a runed translucent gate.
 56056 | Depths:5 | Noticed an ancient lich
 56057 | Depths:5 | Noticed Nisetemo's ghost (master KoEn)
 56131 | Depths:5 | Noticed a juggernaut
 56143 | Depths:5 | Killed a juggernaut
 56390 | Depths:5 | Found a gate to the Realm of Zot.
 56396 | Depths:5 | Received a gift from Okawaru
 56441 | Depths:5 | Reached XP level 26. HP: 197/254 MP: 29/31
 57120 | Slime:1  | Entered Level 1 of the Pits of Slime
 57415 | Slime:3  | Received a gift from Okawaru
 57473 | Slime:5  | Entered Level 5 of the Pits of Slime
 57499 | Slime:5  | Gained mutation: You tend to lose your temper in combat. [a
                  | shining eye]
 57501 | Slime:5  | Gained mutation: You are weak. (Str -2) [a shining eye]
 57502 | Slime:5  | Gained mutation: You are frail. (-10% HP) [a shining eye]
 57719 | Slime:5  | Noticed the Royal Jelly
 57936 | Slime:5  | Killed the Royal Jelly
 57936 | Slime:5  | Received a gift from Okawaru
 57940 | Slime:4  | HP: 15/342 [acid (4)]
 57942 | Slime:4  | HP: 4/342 [acid blob/splash of acid[the Royal Jelly] (8)]
 57942 | Slime:4  | Splashed by an acid blob's acid

Levels and vault maps discovered:
D:1:      dpeg_arrival_shrine, layout_loops_ring, minmay_misc_feat_alley,
          ebering_dispersal_statue_hall
D:2:      layout_loops_cross, first_ration, hex_large
D:3:      layout_loops_ring, gammafunk_ghost_cemetery, okawaru_metal_pillars_3
D:4:      layout_gridville, kennysheep_mini_moat, lemuel_round_altar,
          serial_shops, nicolae_shop_statue_plus
D:5:      layout_cave_pools, minmay_temple_entry_large_hall
D:6:      layout_cave_pools, minmay_fractal_squares_diagonal_5,
          uniq_blork_the_orc
D:7:      minmay_bubble_buster, layout_loops_ring, grunt_temple_overflow_open,
          serial_glass, glass_columns_b, glass_columns_b,
          nicolae_ossuary_entry_ruins, ashenzari_altar_1
D:8:      layout_loops_corners, uniq_joseph, uniq_pikel, uniq_harold
D:9:      layout_loops_ring, basic_altar, serial_shops, kennysheep_little_box,
          gammafunk_ghost_cemetery, grunt_livestock
D:10:     layout_gridville
D:11:     cheibrodos_grave_circle, layout_irregular_city, dpeg_oklobed_lair,
          zombieorc2_lemuel, serial_shops, shop, basic_altar, zaba_antful_of_joy
D:12:     layout_cave_pools
D:13:     layout_irregular_city, david_vaults_2, nicolae_trove_entry_diagonal
D:14:     layout_roguey, hangedman_decor_opposing, uniq_jorgrun
D:15:     gammafunk_depths_entry_grave, layout_long_grid, dk_noncrumbling_3,
          uniq_agnes
Lair:1:   layout_misc_corridors, chequers_serial_rivers_room_a,
          grunt_megastairs_4, uniq_maggie
Lair:2:   regret_index_harrowing_hell_hive, layout_small_grid, uniq_sonja
Lair:3:   layout_chaotic_city, elwin_shoals_entry_rooms, gauntlet_entry_generic,
          beast_lair_carwin_5
Lair:4:   statuecave_lemuel, layout_regular_city,
          minmay_snake_entry_six_corridors, ldierk_geyser,
          grunt_forest_large_clearing_hut, lemuel_fruit_fields, uniq_rupert
Lair:5:   layout_loops_ring, serial_bayou_shore_a, infiniplex_staircase_pool_2
Lair:6:   gammafunk_lair_ancient_temple, layout_gridlike,
          minmay_slime_entry_pillars, columned_hall_lemuel, kennysheep_rathole,
          minmay_lair_oklob_chamber
Shoals:1: cheibrodos_shoals_satyrical_garden, layout_shoals,
          nicolae_shoals_flooded_hall, uniq_frances
Shoals:2: layout_shoals, uniq_ilsuiw, uniq_roxanne
Shoals:3: layout_shoals, serial_shops, nicolae_shop_statue_plus
Shoals:4: shoals_end_grunt_ice, layout_shoals
Snake:1:  layout_gridlike, grunt_megastairs_3, uniq_josephine
Snake:2:  layout_onion_interference
Snake:3:  layout_layer_cave, grunt_megastairs_2
Snake:4:  grunt_snake_rune_spirals, layout_onion_interference, serial_shops,
          shop, nicolae_shop_behind_doors, nicolae_shop_stone,
          dpeg_stationary_puzzle
Slime:1:  layout_caves, basic_altar
Slime:2:  cheibrodos_slime_lost_civilization_8, layout_caves,
          nicolae_slime_welcoming_committee
Slime:3:  layout_caves
Slime:4:  layout_caves, cheibrodos_slime_lost_civilization_7
Slime:5
Orc:1:    layout_caves, serial_shops, nicolae_shop_statue_plus
Orc:2:    pf_orc_diabolical, layout_caves, portal_ice_cave_entry_imps,
          uniq_azrael
Elf:1:    layout_rooms, serial_shops, shop, kennysheep_underground_church,
          grunt_megastairs_1
Elf:2:    layout_onion_city, serial_shops, shop, serial_hangedman_research,
          hangedman_research_quantum, hangedman_research_electronics,
          hangedman_research_probablistics, hangedman_research_metamorphosis
Elf:3:    minmay_elf_hall_not_hex, layout_loops_corners
Vaults:1: ontoclasm_vaults_pinch, dpeg_vaults_pockets_of_resistance,
          nicolae_vaults_little_squares_5, vaults_room_grunt_arrival_ludios,
          nicolae_vaults_angled_halls, grunt_vaults_hallway_short,
          layout_vaults_omnigrid, uniq_asterion
Vaults:2: gammafunk_vaults_ghost_necromancy,
          vaults_standard_mumra_enter_the_diamond,
          hangedman_vaults_corner_blocks, v_misc_13, v_pattern_3,
          hangedman_vaults_locks, vaults_room_grunt_arrival_checkpoint,
          v_misc_3, ontoclasm_vaults_tryst, v_misc_22, v_misc_15,
          ontoclasm_vaults_hangar, v_alt_pattern_3, grunt_vaults_hallway_long,
          ontoclasm_vaults_decontamination, vaults_dpeg_cross,
          nicolae_vaults_little_squares_4, nicolae_vaults_diagonal_hallway_8,
          dpeg_vaults_monster_box, layout_vaults_maze
Vaults:3: v_misc_16, nicolae_vaults_network_s, nicolae_vaults_asterisk,
          dpeg_vaults_monster_row, vaults_standard_mumra_x,
          hangedman_vaults_stagger, v_misc_12, nicolae_vaults_angled_halls,
          vaults_dpeg_diagonal, minmay_crypt_entry_simple_walls,
          vaults_dpeg_hooks, hangedman_vaults_maws, layout_vaults_big_cross,
          uniq_aizul
Vaults:4: ebering_vaults_ghost_inner_flame, nicolae_vaults_circle_grid_a,
          ontoclasm_vaults_gallery, v_misc_23, v_misc_15,
          nicolae_vaults_triangles, nicolae_vaults_windows_and_doors_thing,
          v_pattern_2, ontoclasm_vaults_gateway, grunt_vaults_focal, v_misc_22,
          vaults_standard_mumra_lines, layout_vaults_big_room, serial_shops,
          shop_fountains
Vaults:5
Depths:1: layout_gridville, enter_ziggurat_f, serial_sigils,
          serial_sigils_hangedman_gnaw, serial_sigils_hangedman_snap,
          serial_sigils_hangedman_gut, serial_sigils_hangedman_shear,
          serial_sigils_hangedman_clutch, hell_entry, minivault_16,
          minmay_microvault, serial_bayou_shore_b
Depths:2: evilmike_makhleb_hellhole, layout_cave_shapes,
          grunt_hell_entry_dis_old, hangedman_abyss_or_decor_clamps,
          rand_demon_pan_entry_4, infiniplex_staircase_spiral,
          serial_bayou_shore_b
Depths:3: cheibrodos_quadrivalence, layout_basic, pan_entry, serial_bayou,
          serial_bayou_lake_a, serial_bayou_crossing, serial_bayou_pond_c,
          serial_bayou_pond_d, serial_bayou_lagoon_a, hell_entry
Depths:4: kennysheep_treasure_stockpile, layout_long_grid,
          serial_sigils_hangedman_quiver, abyss_entry, pf_hell_entry_tar_spiral,
          eino_tiny_chamber, drop_trap, minmay_guarded_unrand_zonguldrok,
          infiniplex_staircase_pillars_3a
Depths:5: grunt_twist_and_shout, layout_cave_shapes, hell_entry,
          gammafunk_ghost_necromancy, chequers_serial_rivers_room_b,
          uniq_saint_roka, uniq_jory

Skill      XL: |  1  2  3  4  5  6  7  8  9 10 11 12 13 14 15 16 17 18 19 20 21 22 23 24 25 26 |
---------------+-------------------------------------------------------------------------------+-----
Shields        | 4 5 7 8 10 14 18 20 | 20.0
Fighting       | 4 5 7 11 12 15 16 18 20 21 22 23 24 | 24.0
Armour         | 4 5 6 7 8 10 11 14 15 16 19 23 | 23.0
Axes           | 3 4 5 6 7 9 12 14 17 18 19 20 22 23 | 23.0
Invocations    | 7 8 |  8.0
Evocations     | 9 10 11 13 15 16 18 19 | 19.4
Dodging        | 9 15 18 19 | 19.9

Action                   |  1- 3 |  4- 6 |  7- 9 | 10-12 | 13-15 | 16-18 | 19-21 | 22-24 | 25-27 || total
-------------------------+-------+-------+-------+-------+-------+-------+-------+-------+-------++-------
Melee: War axe           |    89 |   142 |   102 |       |       |       |       |       |       ||   333
       Headbutt          |    15 |    18 |    32 |    78 |   189 |   300 |   291 |   359 |   219 ||  1501
       Broad axe         |       |       |   110 |   416 |   745 |   972 |   945 |  1102 |   595 ||  4885
Invok: Heroism           |       |       |     1 |     4 |     4 |     3 |     3 |     4 |     3 ||    22
       Finesse           |       |       |       |       |       |     1 |     2 |     3 |     1 ||     7
Evoke: Wand              |       |       |       |     2 |     5 |       |       |    10 |     6 ||    23
  Use: Scroll            |       |     4 |    15 |     5 |    13 |     8 |    10 |    18 |     3 ||    76
       Potion            |       |       |       |       |     1 |     3 |     2 |     8 |     1 ||    15
 Stab: Distracted        |       |       |       |     1 |       |       |     1 |     1 |       ||     3
       Petrified         |       |       |       |       |     2 |       |       |       |       ||     2
       Held in net/web   |       |       |       |       |       |     1 |       |       |       ||     1
  Eat: Chunk             |     1 |     7 |     8 |    10 |    18 |    13 |    27 |    12 |     8 ||   104
       Ration            |       |       |     1 |     3 |     4 |     7 |       |     7 |     1 ||    23
Armor: Scale mail        |    48 |    27 |       |       |       |       |       |       |       ||    75
       Plate armour      |       |    47 |    87 |   235 |   286 |   325 |       |       |       ||   980
       Chain mail        |       |       |       |     1 |    11 |    14 |   186 |   121 |       ||   333
       Storm dragon scal |       |       |       |       |       |     3 |       |       |       ||     3
       Gold dragon scale |       |       |       |       |       |       |       |   129 |   205 ||   334
Dodge: Dodged            |    27 |    40 |    33 |   109 |   111 |   134 |    97 |   256 |   170 ||   977
Block: Kite shield       |    54 |    70 |   112 |   261 |   381 |   274 |       |       |       ||  1152
       Reflection        |       |       |     4 |     5 |    24 |   143 |    97 |   127 |    31 ||   431
       Other             |       |       |       |     7 |       |       |       |       |       ||     7
       Tower shield      |       |       |       |       |       |   511 |   856 |   906 |   537 ||  2810

Table legend:
 A = Non-vault XP
 B = Vault XP
 C = Vault XP percentage of total XP
 D = Non-vault monster count
 E = Vault monster count
 F = Vault count percentage of total count
                 A         B        C        D         E       F
            +---------+---------+-------+---------+---------+-------
      Total |  719550 |  685499 |  48.8 |    1436 |    1023 |  41.6
            +---------+---------+-------+---------+---------+-------
        D:1 |      46 |       0 |   0.0 |      25 |       0 |   0.0
        D:2 |      64 |       0 |   0.0 |      21 |       0 |   0.0
        D:3 |     125 |     546 |  81.4 |      21 |       5 |  19.2
        D:4 |     123 |       0 |   0.0 |       8 |       0 |   0.0
        D:5 |     128 |      91 |  41.6 |      10 |       1 |   9.1
        D:6 |    1553 |     783 |  33.5 |      28 |       7 |  20.0
        D:7 |     614 |     654 |  51.6 |      13 |      13 |  50.0
        D:8 |     579 |    2056 |  78.0 |      14 |       3 |  17.6
        D:9 |    1486 |    2594 |  63.6 |      12 |       7 |  36.8
       D:10 |    1325 |       0 |   0.0 |      16 |       0 |   0.0
       D:11 |    5136 |    7404 |  59.0 |      39 |      80 |  67.2
       D:12 |    4058 |       0 |   0.0 |      22 |       0 |   0.0
       D:13 |    4270 |    2822 |  39.8 |      24 |       3 |  11.1
       D:14 |   10603 |    2950 |  21.8 |      32 |       1 |   3.0
       D:15 |   24093 |    6435 |  21.1 |      40 |       9 |  18.4
     Lair:1 |    1178 |     910 |  43.6 |       7 |       3 |  30.0
     Lair:2 |    5692 |    6549 |  53.5 |      22 |      48 |  68.6
     Lair:3 |    6365 |    2832 |  30.8 |      25 |       9 |  26.5
     Lair:4 |    5044 |    5467 |  52.0 |      22 |      19 |  46.3
     Lair:5 |    2493 |       0 |   0.0 |       7 |       0 |   0.0
     Lair:6 |   12565 |   12797 |  50.5 |      35 |      44 |  55.7
   Shoals:1 |    8414 |   10001 |  54.3 |      17 |      15 |  46.9
   Shoals:2 |   11833 |    7115 |  37.6 |      24 |       6 |  20.0
   Shoals:3 |   18290 |       0 |   0.0 |      36 |       0 |   0.0
   Shoals:4 |   13960 |   19844 |  58.7 |      26 |      29 |  52.7
    Snake:1 |   17746 |    3416 |  16.1 |      35 |       6 |  14.6
    Snake:2 |   23240 |       0 |   0.0 |      43 |       0 |   0.0
    Snake:3 |   16643 |    1630 |   8.9 |      29 |       2 |   6.5
    Snake:4 |   17297 |   62131 |  78.2 |      32 |      86 |  72.9
    Slime:1 |    6121 |       0 |   0.0 |       7 |       0 |   0.0
    Slime:2 |    5455 |       0 |   0.0 |       5 |       0 |   0.0
    Slime:3 |    5590 |       0 |   0.0 |      11 |       0 |   0.0
    Slime:4 |    3302 |    2478 |  42.9 |      11 |       1 |   8.3
    Slime:5 |   16690 |   29101 |  63.6 |      18 |      10 |  35.7
      Orc:1 |    7190 |       0 |   0.0 |      42 |       0 |   0.0
      Orc:2 |     659 |   19410 |  96.7 |       9 |      77 |  89.5
      Elf:1 |   20115 |    5378 |  21.1 |      28 |       8 |  22.2
      Elf:2 |   25870 |   40224 |  60.9 |      39 |      68 |  63.6
      Elf:3 |   25676 |   40593 |  61.3 |      43 |      29 |  40.3
   Vaults:1 |   31074 |   35360 |  53.2 |      42 |      32 |  43.2
   Vaults:2 |   35953 |   40867 |  53.2 |      63 |      44 |  41.1
   Vaults:3 |   38606 |   25577 |  39.9 |      68 |      35 |  34.0
   Vaults:4 |   31051 |   34208 |  52.4 |      48 |      36 |  42.9
   Vaults:5 |   29508 |  126464 |  81.1 |      49 |      92 |  65.2
   Depths:1 |   31847 |     998 |   3.0 |      50 |       2 |   3.8
   Depths:2 |   45953 |   27004 |  37.0 |      52 |      37 |  41.6
   Depths:3 |   22984 |       0 |   0.0 |      30 |       0 |   0.0
   Depths:4 |   46990 |   57222 |  54.9 |      56 |      46 |  45.1
   Depths:5 |   61205 |   24326 |  28.4 |      42 |      19 |  31.1
    Abyss:3 |   11087 |       0 |   0.0 |      35 |       0 |   0.0
    Abyss:4 |    1661 |       0 |   0.0 |       3 |       0 |   0.0
    Ossuary |       0 |     229 | 100.0 |       0 |      31 | 100.0
      IceCv |       0 |   12460 | 100.0 |       0 |      48 | 100.0
   Gauntlet |       0 |    4573 | 100.0 |       0 |      12 | 100.0
            +---------+---------+-------+---------+---------+-------
